 Dungeon Crawl Stone Soup version 0.20.1-1-g8b1a95d (webtiles) character file.

9921 equalderp2856 the Cleaver (level 11, -2/156 HPs)
             Began as a Minotaur Fighter on Sept 26, 2017.
             Slain by a blink frog (9 damage)
             ... on level 3 of the Lair of Beasts.
             The game lasted 00:19:44 (10459 turns).

equalderp2856 the Cleaver (Minotaur Fighter)       Turns: 10459, Time: 00:19:45

Health: -2/156     AC: 25    Str: 19 (21) XL:     11   Next: 29%
Magic:  10/10      EV:  2    Int:  8 (11) God:
Gold:   543        SH:  0    Dex: 16 (17) Spells: 10/10 levels left

rFire    + + .     SeeInvis .   m - +1 broad axe
rCold    + . .     Gourm    .   c - +0 shield
rNeg     + + +     Faith    .   (armour currently unavailable)
rPois    +         Spirit   .   (helmet currently unavailable)
rElec    +         Reflect  .   (cloak currently unavailable)
rCorr    +         Harm     .   (gloves currently unavailable)
MR       +....     NoTele   +   (boots currently unavailable)
Stlth    ++........             (no amulet)
Regen    0.4/turn               s - ring of protection from magic
MPRegen  0.2/turn               p - ring of protection from fire

@: confused, brilliant, agile, tree-form, resistant, very slightly contaminated,
invisible
A: (retaliatory headbutt), robust 1
a: no special abilities


You were on level 3 of the Lair of Beasts.
You were not hungry.
You were a tree.
You visited 2 branches of the dungeon, and saw 11 of its levels.

You collected 543 gold pieces.

Inventory:

Hand Weapons
 a - a +0 war axe
 m - a +1 broad axe (weapon)
 J - a +1 trident of piercing
Armour
 b - a +0 scale mail
 c - a +0 shield (worn)
 u - a +1 pair of gloves (melded)
 x - a +4 chain mail of poison resistance (melded)
 F - a +0 cloak (melded)
 H - a +0 plate armour
Jewellery
 p - a ring of protection from fire (right branch)
 q - an uncursed ring of protection from cold
 r - an uncursed amulet of faith
 s - a ring of protection from magic (left branch)
 y - a -6 ring of evasion
 E - an uncursed ring of positive energy {unknown}
Scrolls
 g - a scroll of random uselessness
 o - a scroll of enchant weapon
 w - 4 scrolls of identify
 A - 2 scrolls of recharging
 B - 2 scrolls of remove curse
 I - a scroll of amnesia
 L - a scroll of magic mapping
Potions
 d - a potion of might
 e - 4 potions of magic
 h - a potion of invisibility
 i - a potion of curing
 l - a potion of lignification
 n - a potion of mutation
 v - a potion of agility
Books
 z - a Young Poisoner's Handbook

   Spells                             Type                      Level
   a - Sting                          Conjuration/Poison           1
   b - Poisonous Vapours              Poison/Air                   2
   c - Mephitic Cloud                 Conjuration/Poison/Air       3
   d - Olgreb's Toxic Radiance        Poison                       4
   e - Venom Bolt                     Conjuration/Poison           5
Comestibles
 f - 12 bread rations
 k - 3 meat rations


   Skills:
 + Level 8.7 Fighting
 + Level 13.6 Axes
 + Level 10.0 Armour
 + Level 3.6 Dodging
 + Level 1.1 Stealth
 + Level 10.2 Shields


You had 10 spell levels left.
You didn't know any spells.

Dungeon Overview and Level Annotations

Branches:
Dungeon (8/15)             Temple (0/1) D:7            Lair (3/6) D:8
 Shoals (0/4) Lair:3
  Snake: Lair:2-4    Spider: Lair:2-4

Altars:
Cheibriados
Dithmenos
Qazlal
Sif Muna
Trog
Uskayaw
Vehumet
The Shining One

Shops:
D:6 %

Annotations:
Lair:1 Asgaroth's ghost, journeyman DEAE; Fannar
Lair:2 Sonja


Innate Abilities, Weirdness & Mutations

((You reflexively headbutt those who attack you in melee.))
((You have a pair of horns on your head.))
((You have sharp fingernails.))
You are robust. (+10% HP)


Message History

Unknown command.
The blink frog hits you.
* * * LOW HITPOINT WARNING * * *
The merfolk hits you but does no damage.
The merfolk hits the plant with a trident!
The plant is destroyed!
The blink frog hits you but does no damage.
The merfolk siren chants a haunting song.
You easily resist.
The merfolk hits you but does no damage.
The blink frog hits you but does no damage.
The death yak gores you but does no damage.
Unknown command.
The blink frog hits you but does no damage.
The merfolk hits you but does no damage. x2
The death yak gores you.
* * * LOW HITPOINT WARNING * * *
The merfolk hits you but does no damage.
The blink frog hits you!
You die...

,,**** ##.......##
*,,* ,,,*,*
##......# **,**
,,,,,** ##.#.!.#
**,,* ,,,,,,**
#.#.YF# *,,,*
,,,,,,,***####l.##
**,** ,,,,,,,,,*
##.m## **,*
,,,,,,,,,* #m.mm#
*,,* ,<,,,,,,**
##FY## ****
,,,,,,,** ##♣#
,,,,,*** ###
,,,,,* ******


You could see 2 death yaks, 3 merfolk, a komodo dragon (wandering), a merfolk
siren and 2 blink frogs.

Vanquished Creatures
  Harold (Lair:1)
  A death yak (Lair:3)
  The ghost of Gremour the Cleaver, a novice HOMo of Okawaru (D:8)
  Pikel (D:7)
  A black mamba (Lair:2)
  A spiny frog (Lair:3)
  The ghost of Ratty the Covert, a novice DEFE of Sif Muna (D:5)
  A hornet (Lair:3)
  2 hippogriffs
  2 blink frogs (Lair:3)
  Sigmund (D:3)
  A spriggan (D:7)
  3 yaks (D:7)
  Eustachio (D:6)
  Menkaure (D:6)
  Edmund (D:5)
  3 wargs (D:8)
  A water moccasin (Lair:2)
  The ghost of Asgaroth the Ruffian, an amateur VSMo (D:3)
  2 orc warriors (D:7)
  2 porcupines (Lair:2)
  2 phantoms (D:5)
  A sky beast (D:5)
  An ice beast (D:7)
  A black bear (D:6)
  4 ogres
  An eye of draining (D:8)
  A necrophage (D:6)
  4 centaurs
  6 wolves (Lair:2)
  2 crocodiles (Lair:2)
  A big kobold (D:7)
  A scorpion (D:4)
  5 killer bees (D:8)
  4 wights (D:7)
  5 howler monkeys
  2 bullfrog zombies
  2 crimson imps
  A hound (D:6)
  3 centaur zombies
  A jelly (D:5)
  A bullfrog skeleton (D:5)
  5 orc priests
  6 orc wizards
  2 centaur skeletons
  2 iguanas
  Terence (D:3)
  5 worker ants
  A hound skeleton (D:8)
  16 adders
  4 gnolls (D:5)
  2 howler monkey skeletons
  5 shadow imps
  An ooze (D:6)
  An adder skeleton (D:4)
  3 worms (D:2)
  2 dart slugs
  5 leopard geckos
  21 orcs
  7 giant cockroaches
  11 goblins
  13 hobgoblins
  14 jackals
  14 kobolds
  3 quokkas
  A ball python (D:3)
  8 bats
  3 frilled lizards
  A jackal skeleton (D:6)
  15 rats
250 creatures vanquished.

Vanquished Creatures (others)
  A water moccasin (Lair:1)
  A slave (D:7)
  2 ball lightnings (Lair:1)
  A fungus (Lair:1)
  A plant (Lair:3)
6 creatures vanquished.

Grand Total: 256 creatures vanquished

Notes
Turn   | Place    | Note
-------+----------+-------------------------------------------
     0 | D:1      | equalderp2856 the Minotaur Fighter began the quest for the Orb.
     0 | D:1      | Reached XP level 1. HP: 19/19 MP: 0/0
    95 | D:1      | Reached XP level 2. HP: 27/27 MP: 1/1
   686 | D:1      | Reached XP level 3. HP: 33/33 MP: 2/2
   781 | D:2      | Reached skill level 3 in Axes
  1257 | D:2      | Reached XP level 4. HP: 40/40 MP: 3/3
  1444 | D:3      | Found a deep blue altar of Sif Muna.
  1445 | D:3      | Noticed Sigmund
  1448 | D:3      | Killed Sigmund
  1448 | D:3      | Reached skill level 5 in Axes
  1448 | D:3      | Reached skill level 1 in Dodging
  1448 | D:3      | Reached skill level 5 in Shields
  1448 | D:3      | Reached XP level 5. HP: 36/46 MP: 4/4
  1560 | D:3      | Found a stormy altar of Qazlal.
  1564 | D:3      | Noticed Asgaroth's ghost (amateur VSMo)
  1581 | D:3      | Killed Asgaroth's ghost
  1581 | D:3      | Reached XP level 6. HP: 29/52 MP: 5/5
  1800 | D:3      | Found a radiant altar of Vehumet.
  1850 | D:3      | Noticed Terence
  1861 | D:3      | Killed Terence
  2364 | D:4      | Reached skill level 5 in Armour
  2450 | D:4      | Reached skill level 6 in Axes
  2800 | D:3      | Reached XP level 7. HP: 47/60 MP: 6/6
  2835 | D:4      | Found a bloodstained altar of Trog.
  3162 | D:4      | Found a hide-covered altar of Uskayaw.
  3164 | D:4      | Noticed a dagger
  3164 | D:4      | Noticed a dagger
  3199 | D:4      | Reached skill level 7 in Axes
  3407 | D:4      | Found a glowing golden altar of the Shining One.
  3461 | D:5      | Entered Level 5 of the Dungeon
  3585 | D:5      | Noticed Edmund
  3593 | D:5      | Killed Edmund
  3593 | D:5      | Reached XP level 8. HP: 58/67 MP: 7/7
  3605 | D:5      | Reached skill level 8 in Axes
  3742 | D:5      | Reached skill level 5 in Fighting
  3804 | D:5      | Noticed Ratty's ghost (novice DEFE)
  3811 | D:5      | Killed Ratty's ghost
  3811 | D:5      | Reached skill level 1 in Stealth
  3819 | D:5      | Reached skill level 9 in Axes
  4001 | D:5      | Found a shadowy altar of Dithmenos.
  4466 | D:6      | Noticed Eustachio
  4679 | D:6      | Killed Eustachio
  5109 | D:6      | Reached XP level 9. HP: 69/75 MP: 8/8
  5125 | D:6      | Reached skill level 10 in Axes
  5288 | D:6      | Noticed Menkaure
  5625 | D:6      | Killed Menkaure
  5887 | D:6      | Found Nuus's Food Shoppe.
  6363 | D:7      | Found a staircase to the Ecumenical Temple.
  6461 | D:7      | Found a snail-covered altar of Cheibriados.
  6477 | D:7      | Reached skill level 11 in Axes
  6994 | D:7      | Reached XP level 10. HP: 71/86 MP: 9/9
  7085 | D:7      | Noticed Pikel
  7118 | D:7      | Killed Pikel
  7118 | D:7      | Reached skill level 12 in Axes
  7685 | D:8      | Found a staircase to the Lair.
  7922 | D:8      | Noticed Gremour's ghost (novice HOMo)
  7948 | D:8      | Killed Gremour's ghost
  8040 | D:8      | Noticed a two-headed ogre
  8062 | D:7      | Noticed a rust devil
  8062 | D:7      | Noticed a rust devil
  8756 | Lair:1   | Entered Level 1 of the Lair of Beasts
  9117 | Lair:1   | Noticed Harold
  9175 | Lair:1   | Killed Harold
  9175 | Lair:1   | Reached skill level 13 in Axes
  9212 | Lair:1   | Noticed Asgaroth's ghost (journeyman DEAE)
  9297 | Lair:1   | Noticed Fannar
  9297 | Lair:1   | Noticed a six-headed hydra
  9543 | Lair:2   | Reached XP level 11. HP: 54/94 MP: 10/10
  9865 | Lair:2   | Reached skill level 10 in Shields
  9922 | Lair:2   | Noticed Sonja
  9941 | Lair:2   | Paralysed by a hornet for 2 turns
 10334 | Lair:3   | Noticed a death yak
 10335 | Lair:3   | Noticed a death yak
 10339 | Lair:3   | Noticed a death yak
 10354 | Lair:3   | Killed a death yak
 10354 | Lair:3   | Reached skill level 10 in Armour
 10447 | Lair:3   | Gained mutation: You are robust. (+10% HP) [potion of mutation]
 10447 | Lair:3   | Gained mutation: You have sharp fingernails. [potion of mutation]
 10454 | Lair:3   | HP: 6/156 [blink frog (5)]
 10455 | Lair:3   | HP: 2/156 [komodo dragon (4)]
 10459 | Lair:3   | Slain by a blink frog

Skill      XL: |  1  2  3  4  5  6  7  8  9 10 11 |
---------------+----------------------------------+-----
Armour         | 4 5 6 8 9 10 | 10.0
Shields        | 4 5 6 7 8 9 10 | 10.2
Fighting       | 4 5 7 8 |  8.7
Axes           | 3 5 6 7 9 11 13 | 13.6
Dodging        | 1 2 3 |  3.6
Stealth        | 1 |  1.1

Action                   |  1- 3 |  4- 6 |  7- 9 | 10-12 || total
-------------------------+-------+-------+-------+-------++-------
Melee: War axe           |    98 |       |       |       ||    98
       Headbutt          |    10 |    18 |    63 |    54 ||   145
       Broad axe         |    12 |   115 |   355 |   246 ||   728
  Use: Scroll            |       |     2 |     7 |     4 ||    13
       Potion            |       |       |       |    11 ||    11
 Stab: Invisible         |       |       |       |     2 ||     2
  Eat: Chunk             |     1 |     5 |     9 |     7 ||    22
       Royal jelly       |       |       |     2 |       ||     2
       Fruit             |       |       |       |     3 ||     3
       Meat ration       |       |       |       |     1 ||     1
Armor: Scale mail        |    58 |    19 |       |       ||    77
       Chain mail        |       |    25 |   113 |   172 ||   310
       Plate armour      |       |       |    97 |     5 ||   102
       Skin              |       |       |       |    14 ||    14
Dodge: Dodged            |    42 |    27 |     9 |    64 ||   142
Block: Shield            |    70 |    64 |   179 |   197 ||   510
